 Dungeon Crawl Stone Soup version 0.32-a0-876-gcfddb08e57 (webtiles) character file.

Game seed: 8421013093605946044

1227 TacoSundae the Changeling (level 8, -3/60 HPs)
             Began as a Barachi Shapeshifter on Apr 1, 2024.
             Was a Believer of Cheibriados.
             Slain by a killer bee (6 damage)
             ... on level 7 of the Dungeon on Apr 2, 2024.
             The game lasted 00:20:28 (6336 turns).

TacoSundae the Changeling (Barachi Shapeshifter)    Turns: 6336, Time: 00:20:30

Health: -3/60      AC:  3    Str: 21    XL:     8   Next: 48%
Magic:  8/8        EV: 13    Int: 15    God:    Cheibriados [**....]
Gold:   147        SH:  0    Dex: 19    Spells: 7/7 levels left

rFire   . .          .
                       - Unarmed
rCold   . . .        (no shield)
rNeg    . . .        l - +0 leather armour
rPois   .            (helmet currently unavailable)
rElec   .            (cloak currently unavailable)
rCorr   .            (gloves currently unavailable)
SInv    .            (boots currently unavailable)
Will    .....        n - amulet of the acrobat
Stlth   +            (no ring)
HPRegen 0.30/turn    (no ring)
MPRegen 0.11/turn

%: acrobat
@: lethally poisoned (-3 -> -5), beast-form, very slow
A: beast (slay +4), amphibious, slowness 1, strong legs 1, +LOS
a: Hop, Begin Untransformation, Renounce Religion, Bend Time


You were on level 7 of the Dungeon.
You worshipped Cheibriados.
Cheibriados was pleased with you.
You were a hulking beast.
You visited 1 branch of the dungeon, and saw 7 of its levels.

You collected 378 gold pieces.
You spent 231 gold pieces at shops.

Inventory:

Hand Weapons
 e - a +1 heavy short sword
Missiles
 u - 2 throwing nets
Armour
 j - a +1 pair of gloves
 l - a +0 leather armour (worn)
 m - a +0 pair of boots
 r - a +1 cloak of poison resistance
 t - a +0 buckler of cold resistance
Jewellery
 n - an amulet of the acrobat (around neck)
Talismans
 c - a beast talisman (active)
 d - a flux talisman
 v - a serpent talisman
Scrolls
 a - a scroll of brand weapon
 i - 5 scrolls of teleportation
 o - 3 scrolls of identify
 s - a scroll of poison
Potions
 b - 2 potions of lignification
 f - 2 potions of might
 g - a potion of mutation
 h - a potion of berserk rage
 k - 3 potions of curing
 p - a potion of attraction
 q - 3 potions of enlightenment
 w - a potion of magic
 x - 2 potions of brilliance


   Skills:
 - Level 4.0 Fighting
 - Level 4.2 Dodging
 - Level 6.3 Unarmed Combat
 * Level 7.9 Shapeshifting


You had 7 spell levels left.
You didn't know any spells.
Your spell library contained the following spells:

 Spells                   Type           Power      Damage    Failure   Level
 Kiss of Death            Conj/Necr      0%         2d5       30%         1
 Confusing Touch          Hex            0%         N/A       67%         3
 Inner Flame              Hex/Fire       0%         N/A       67%         3
 Dispel Undead            Necr           0%         3d6       97%         4
 Irradiate                Conj/Alch      0%         3d11      100%        5
 Ignition                 Fire           0%         3d3       100%        8


Dungeon Overview and Level Annotations

Branches:
Dungeon (7/15)
 Temple: D:4-7

Altars:
Cheibriados
Gozag
Makhleb
Nemelex Xobeh
Uskayaw

Shops:
D:4 [!*   D:6 [


Innate Abilities, Weirdness & Mutations

You are a hulking beast.
Your limbs bulge with bestial killing power. (Slay +4)
You are amphibious.
You cover ground slowly.
You can hop short distances.
You have an extended range of vision and can be seen from far away.


Message History

Cheibriados raises the support of your attributes as your movement slows.
You feel sick. The killer bee closely misses you.
You barely miss the killer bee.
You feel sick. The killer bee barely misses you. The killer bee stings you!
* * * LOW HITPOINT WARNING * * *
Unknown command.
You feel better. The killer bee closely misses you.
The killer bee stings you but does no damage.
You barely miss the killer bee. The killer bee completely misses you.
The killer bee closely misses you.
You miss the killer bee. The killer bee stings you.
* * * LOW HITPOINT WARNING * * *
You are poisoned.
The killer bee poisons you! The killer bee barely misses you.
You hit the killer bee.
The killer bee is lightly wounded.
You feel sick. The killer bee misses you.
You punch the killer bee!
The killer bee is severely wounded.
You feel sick. The killer bee closely misses you. The killer bee misses you.
You hit the killer bee.
The killer bee is almost dead.
The killer bee misses you. x2
You punch the killer bee!
You kill the killer bee!
Cheibriados thoroughly appreciates the change of pace.
You feel sick. The killer bee barely misses you.
You closely miss the killer bee.
You feel sick. The killer bee closely misses you.
You punch the killer bee!
The killer bee is heavily wounded.
The killer bee barely misses you. The killer bee stings you.
* * * LOW HITPOINT WARNING * * *
You hit the killer bee but do no damage.
The killer bee is heavily wounded.
You feel sick. The killer bee stings you.
* * * LOW HITPOINT WARNING * * *
The killer bee stings you.
You die...
Cheibriados appreciates the motionlessness of death.

.. #.# # #...##
######.###.......
........hy.......
######.###.......
# ...... .....
####


You could see a killer bee.

Vanquished Creatures
  2 ogres (D:6)
  A phantom (D:5)
  3 scorpions
  5 killer bees (D:7)
  A howler monkey (D:6)
  A bombardier beetle (D:4)
  A gnoll bouda (D:5)
  2 hounds
  2 orc priests
  Crazy Yiuf (D:2)
  Jessica (D:2)
  An iguana (D:6)
  8 gnolls
  13 adders
  2 white imps (D:6)
  A dart slug (D:1)
  3 ribbon worms
  12 orcs
  6 ball pythons
  6 giant cockroaches
  5 goblins
  7 hobgoblins
  6 jackals
  3 quokkas
  3 bats
  2 frilled lizards
  10 kobolds
  2 rats
110 creatures vanquished.

Notes
Turn   | Place    | Note
-------+----------+-------------------------------------------
     0 | D:1      | TacoSundae the Barachi Shapeshifter began the quest for the
                  | Orb.
     0 | D:1      | Reached XP level 1. HP: 15/15 MP: 1/1
   149 | D:1      | Reached XP level 2. HP: 19/21 MP: 2/2
   594 | D:2      | Reached XP level 3. HP: 13/27 MP: 3/3
   798 | D:2      | Noticed Jessica
   817 | D:2      | Killed Jessica
   818 | D:2      | Reached XP level 4. HP: 14/33 MP: 4/4
   926 | D:2      | Reached skill level 4 in Shapeshifting
  1084 | D:2      | Found a faded altar of an unknown god.
  1534 | D:2      | Found a runed translucent door.
  1535 | D:2      | Noticed Crazy Yiuf
  1688 | D:2      | Killed Crazy Yiuf
  1876 | D:3      | Reached XP level 5. HP: 39/39 MP: 5/5
  2280 | D:3      | Found an opulent altar of Gozag.
  3093 | D:4      | Reached skill level 5 in Unarmed Combat
  3093 | D:4      | Reached XP level 6. HP: 44/46 MP: 6/6
  3211 | D:4      | Found Etouqynn's Distillery.
  3223 | D:4      | Bought a potion of magic for 88 gold pieces
  3223 | D:4      | Bought a potion of brilliance for 44 gold pieces
  3223 | D:4      | Bought a potion of curing for 33 gold pieces
  3223 | D:4      | Bought a potion of degeneration for 11 gold pieces
  3223 | D:4      | Bought a potion of enlightenment for 55 gold pieces
  3269 | D:4      | Found a snail-covered altar of Cheibriados.
  3280 | D:4      | Became a worshipper of Cheibriados the Contemplative
  3347 | D:4      | Found Wunysin's General Store.
  3438 | D:4      | Reached skill level 5 in Shapeshifting
  3576 | D:4      | Found Nuomuc's Antique Armour Shop.
  3833 | D:5      | Entered Level 5 of the Dungeon
  3958 | D:5      | Reached * piety under Cheibriados
  4257 | D:5      | Reached XP level 7. HP: 34/52 MP: 7/7
  5055 | D:6      | HP: 1/53 [ogre/+0 giant spiked club (7)]
  5383 | D:6      | Reached skill level 6 in Shapeshifting
  5517 | D:6      | Reached XP level 8. HP: 44/60 MP: 8/8
  5710 | D:6      | Found a sparkling altar of Nemelex Xobeh.
  5711 | D:6      | Found a hide-covered altar of Uskayaw.
  5765 | D:6      | Reached ** piety under Cheibriados
  5769 | D:6      | Reached skill level 7 in Shapeshifting
  6121 | D:6      | Found Sauckum's Armour Shoppe.
  6287 | D:6      | Found a burning altar of Makhleb.
  6336 | D:7      | HP: 3/60 [killer bee (6)]
  6336 | D:7      | Slain by a killer bee

Illustrated notes

Levels and vault maps discovered:
D:1:      dpeg_arrival_leaves_temple_mockup, layout_rooms, serial_rivers,
          chequers_serial_rivers_room_b, chequers_serial_rivers_micro_c,
          chequers_serial_rivers_small_3, chequers_serial_rivers_micro_c
D:2:      layout_basic, hellmonk_ecumenical_altar_lost_god, uniq_jessica,
          uniq_crazy_yiuf_cottage
D:3:      layout_basic, nicolae_gozag_cash_rules_everything_around_me
D:4:      layout_basic, slow_altar_2, serial_shops,
          nicolae_shop_real_fake_doors,
          nicolae_shop_competitors_out_of_business, nicolae_shop_trees,
          nicolae_underground_beach
D:5:      layout_basic, gup_sewer_entry_glass, saegor_snake_ambush
D:6:      layout_gridville, lightli_temple_of_fire,
          mainiacjoe_overflow_divided_tiny, serial_shops, shop
D:7:      layout_basic, nicolae_ru_awakened_eye, fiery_altar_vehumet,
          minmay_temple_entry_overgrown, small_statue_intersection,
          hangedman_abyss_or_decor_slice, kennysheep_generic_room_16

Skill      XL: |  1  2  3  4  5  6  7  8 |
---------------+-------------------------+-----
Fighting       | 2 3 4 |  4.0
Unarmed Combat | 4 5 6 |  6.3
Shapeshifting  | 4 5 6 7 |  7.9
Dodging        | 3 4 |  4.2

Action                     |  1- 3 |  4- 6 |  7- 9 || total
---------------------------+-------+-------+-------++-------
  Melee: Unarmed           |    86 |   202 |   138 ||   426
         Punch             |     1 |     1 |     8 ||    10
Ability: Hop               |     1 |     3 |       ||     4
    Use: Scroll            |       |    13 |       ||    13
         Potion            |       |     3 |     3 ||     6
 Armour: Animal skin       |    15 |       |       ||    15
         Leather armour    |    20 |    81 |    60 ||   161
         Skin              |       |     1 |       ||     1
  Dodge: Dodged            |    46 |   116 |   104 ||   266

Table legend: (Time is in decaauts)
 A = Elapsed time spent in this place.
 B = Non-inter-level travel time spent in this place.
 C = Inter-level travel time spent in this place.
 D = Time resting spent in this place.
 E = Time spent auto-exploring this place.
 F = Levels seen in this place.
 G = Mean time per level.
                   A        B        C        D        E       F      G
               +--------+--------+--------+--------+--------+-----+--------+
         Total |   7789 |   7495 |    294 |    955 |   4684 |   7 | 1112.7 |
       Dungeon |   7789 |   7495 |    294 |    955 |   4684 |   7 | 1112.7 |
               +--------+--------+--------+--------+--------+-----+--------+

Top non-repeatable levels by time:
     D:5: 1798 daAuts
     D:6: 1530 daAuts
     D:2: 1452 daAuts
     D:3: 1266 daAuts
     D:4: 1094 daAuts
     D:1: 619 daAuts
     D:7: 27 daAuts
